 Dungeon Crawl Stone Soup version 0.29.1-15-g9cfb28693d (webtiles) character file.

Game seed: 14322053434919440612

20514 Wiggles the Executioner (level 12, -5/90 HPs)
             Began as a Minotaur Berserker on Mar 29, 2023.
             Was an Elder of Trog.
             Slain by a boulder beetle (54 damage)
             ... on level 12 of the Dungeon.
             The game lasted 00:23:37 (12770 turns).

Wiggles the Executioner (Minotaur Berserker)       Turns: 12770, Time: 00:23:37

Health: -5/90      AC: 17    Str: 33    XL:     12   Next: 46%
Magic:  11/11      EV: 23    Int:  4    God:    Trog [****..]
Gold:   948        SH:  0    Dex: 10    Spells: 11/11 levels left

rFire   . . .      SeeInvis .   l - +3 war axe (vorpal)
rCold   . . .      Faith    .   (no shield)
rNeg    + . .      Spirit   .   c - +0 plate armour
rPois   .          Reflect  .   (helmet restricted)
rElec   .          Harm     .   j - +2 cloak
rCorr   .          Rampage  .   t - +2 pair of gloves
Will    .....                   (no boots)
Stlth   ..........              o - amulet of the acrobat
HPRegen 0.25/turn               i - +6 ring of strength
MPRegen 0.12/turn               D - ring of positive energy

@: on berserk cooldown, acrobatic
A: horns 2, retaliatory headbutt
a: Renounce Religion, Berserk, Trog's Hand, Brothers in Arms


You were on level 12 of the Dungeon.
You worshipped Trog.
Trog was greatly pleased with you.
You visited 1 branch of the dungeon, and saw 12 of its levels.

You collected 948 gold pieces.

Inventory:

Hand Weapons
 l - a +3 vorpal war axe (weapon)
 L - a +0 broad axe
Missiles
 p - 18 poisoned darts (quivered)
 F - 2 throwing nets
Armour
 c - a +0 plate armour (worn)
 j - a +2 cloak (worn)
 t - a +2 pair of gloves (worn)
Jewellery
 h - a ring of protection from cold
 i - a +6 ring of strength (left hand)
 o - an amulet of the acrobat (around neck)
 D - a ring of positive energy (right hand)
 K - a +6 ring of intelligence
 M - a ring of protection from cold
Wands
 a - a wand of flame (1)
 g - a wand of mindburst (18)
 m - a wand of polymorph (10)
 v - a wand of roots (11)
 C - a wand of acid (7)
Scrolls
 d - 3 scrolls of immolation
 f - 3 scrolls of magic mapping
 r - a scroll of fear
 u - 2 scrolls of poison
 J - 2 scrolls of teleportation
Potions
 e - 2 potions of haste
 k - 5 potions of curing
 q - 4 potions of magic
 w - 2 potions of lignification
 z - 2 potions of brilliance {unknown}
 A - 3 potions of might
 E - a potion of flight {unknown}
 G - 2 potions of mutation {unknown}
 H - a potion of berserk rage {unknown}
 I - a potion of invisibility {unknown}
Miscellaneous
 x - a phantom mirror


   Skills:
 - Level 3.6 Fighting
 + Level 22.8 Axes
 + Level 4.4 Throwing
 - Level 2.4 Armour
 - Level 2.1 Dodging
 + Level 1.8 Stealth
 + Level 2.6 Evocations


You had 11 spell levels left.
You didn't know any spells.
Your spell library was empty.

Dungeon Overview and Level Annotations

Branches:
Dungeon (12/15)            Temple (0/1) D:6            Lair (0/5) D:11
    Orc (0/2) D:11

Altars:
Ashenzari
Cheibriados
Dithmenos
Fedhas
Hepliaklqana
Makhleb
Qazlal
Ru
Trog
Wu Jian

Shops:
D:6 *   D:12 [


Innate Abilities, Weirdness & Mutations

You have a pair of horns on your head.
You reflexively headbutt those who attack you in melee.


Message History

The cyclops hits you but does no damage.
You slash the cyclops!
You kill the cyclops!
Trog accepts your kill.
You slash the boulder beetle! You headbutt the boulder beetle.
The boulder beetle is lightly wounded.
The boulder beetle bites you.
You hit the boulder beetle but do no damage.
Your headbutt misses the boulder beetle.
The boulder beetle is lightly wounded.
The boulder beetle closely misses you.
You hit the boulder beetle.
You headbutt the boulder beetle, but do no damage.
The boulder beetle is lightly wounded.
The boulder beetle barely misses you.
You hit the boulder beetle.
The boulder beetle is moderately wounded.
The boulder beetle bites you.
You slash the boulder beetle! You headbutt the boulder beetle.
The boulder beetle is heavily wounded.
The boulder beetle leaps!
You start resting.
A boulder beetle is nearby!
You slash the boulder beetle!
Your headbutt misses the boulder beetle.
The boulder beetle is severely wounded.
The boulder beetle barely misses you.
You slash the boulder beetle!
The boulder beetle is severely wounded.
The boulder beetle closely misses you.
You hit the boulder beetle.
You headbutt the boulder beetle, but do no damage.
The boulder beetle is almost dead.
The boulder beetle leaps!
The boulder beetle curls into a ball and begins rolling!
Items here: ( )) [ †.
You feel yourself speed up. The boulder beetle hits you!!!
Ouch! That really hurt!
You die...

..........##.#
#...##...###.#
#. #### #####
#.# #°# #.#
#.# #.# #°#
#.# #°# #.##
#°# #.#!#B#
#@##.# #B#○#[#
#.○#### ####


You could see a boulder beetle (rolling).

Vanquished Creatures
  A yaktaur captain (D:10)
  2 boulder beetles
  A centaur warrior (D:12)
  4 two-headed ogres
  Pikel (D:8)
  3 cyclopes
  An ugly thing (D:12)
  Joseph (D:8)
  A gargoyle (D:11)
  A komodo dragon (D:11)
  2 unseen horrors (D:10)
  5 trolls
  5 slime creatures (D:11)
  A hornet (D:10)
  Prince Ribbit (D:6)
  22 yaks
  2 shadows
  A steam dragon (D:10)
  8 vampire mosquitoes (D:12)
  3 acid dragons
  2 water moccasins (D:6)
  3 orc warriors
  A black bear (D:7)
  An ice beast (D:6)
  An ogre (D:5)
  2 centaurs
  2 lemures (D:8)
  3 kobold brigands
  Blork the orc (D:4)
  2 necrophages
  6 bullfrogs
  A gnoll sergeant (D:7)
  19 wights
  6 killer bees
  2 howler monkeys (D:8)
  4 electric eels (D:10)
  2 jellies
  Crazy Yiuf (D:6)
  5 hounds
  8 orc priests
  2 iguanas
  7 orc wizards
  Robin (D:2)
  2 adders
  3 gnolls (D:7)
  A shadow imp (D:5)
  A white imp (D:6)
  2 ufetubi
  A worm (D:3)
  5 dart slugs
  25 orcs
  5 ball pythons
  3 bats
  4 endoplasms
  4 giant cockroaches
  15 goblins
  6 hobgoblins
  6 jackals
  A frilled lizard (D:1)
  19 kobolds
  6 rats
257 creatures vanquished.

Vanquished Creatures (collateral kills)
  A cyclops (D:12)
  An ugly thing (D:10)
  An acid dragon (D:10)
  A centaur (D:10)
4 creatures vanquished.

Vanquished Creatures (others)
  4 fungi (D:6)
  4 plants
8 creatures vanquished.

Grand Total: 269 creatures vanquished

Notes
Turn   | Place    | Note
-------+----------+-------------------------------------------
     0 | D:1      | Wiggles the Minotaur Berserker began the quest for the Orb.
     0 | D:1      | Reached XP level 1. HP: 19/19 MP: 0/0
   119 | D:1      | Reached skill level 4 in Axes
   161 | D:1      | Found a faded altar of an unknown god.
   185 | D:1      | Reached XP level 2. HP: 26/26 MP: 1/1
   809 | D:2      | Noticed Robin
   817 | D:2      | Reached skill level 5 in Axes
   817 | D:2      | Reached XP level 3. HP: 31/31 MP: 2/2
   817 | D:2      | Reached ** piety under Trog
   821 | D:2      | Killed Robin
  1026 | D:2      | Found a broken altar of Ashenzari.
  1428 | D:3      | Found a bloodstained altar of Trog.
  1465 | D:3      | Reached skill level 6 in Axes
  1465 | D:3      | Reached XP level 4. HP: 31/39 MP: 3/3
  2472 | D:4      | Noticed a necrophage
  2479 | D:4      | Killed a necrophage
  2480 | D:4      | Reached skill level 7 in Axes
  2480 | D:4      | Reached XP level 5. HP: 45/45 MP: 4/4
  2624 | D:4      | Noticed Blork the orc
  2631 | D:4      | Killed Blork the orc
  2632 | D:4      | Reached skill level 8 in Axes
  2729 | D:4      | Identified the +8 mace of Severance {vamp, Drain Will+
                  | Int+4}
  3042 | D:4      | Reached XP level 6. HP: 51/51 MP: 5/5
  3171 | D:5      | Entered Level 5 of the Dungeon
  3193 | D:5      | Found a large runed translucent door.
  3194 | D:5      | Found a large runed translucent door.
  3424 | D:5      | Reached *** piety under Trog
  3592 | D:5      | Found a broken altar of Ashenzari.
  3610 | D:5      | Found a hazy altar of Hepliaklqana.
  3615 | D:5      | Reached skill level 9 in Axes
  3615 | D:5      | Reached skill level 1 in Throwing
  3730 | D:6      | Noticed a water moccasin
  3736 | D:6      | Killed a water moccasin
  3737 | D:6      | Reached XP level 7. HP: 57/57 MP: 6/6
  3823 | D:6      | Found Rikhlutu's Fire Supplies.
  3832 | D:6      | Reached skill level 10 in Axes
  3915 | D:6      | Noticed Prince Ribbit
  3922 | D:6      | Killed Prince Ribbit
  4113 | D:6      | Found a staircase to the Ecumenical Temple.
  4168 | D:6      | Reached skill level 11 in Axes
  4228 | D:6      | Reached XP level 8. HP: 37/64 MP: 7/7
  4442 | D:6      | Found a blossoming altar of Fedhas.
  4472 | D:6      | Found a runed translucent door.
  4475 | D:6      | Noticed Crazy Yiuf
  4484 | D:6      | Killed Crazy Yiuf
  5184 | D:7      | Identified the +3 ring mail of the Kraken {+Blink rPois
                  | Will+ Dex-2}
  5302 | D:7      | Reached skill level 12 in Axes
  5622 | D:7      | Found a burning altar of Makhleb.
  5625 | D:7      | Found a shadowy altar of Dithmenos.
  5626 | D:7      | Found a snail-covered altar of Cheibriados.
  5627 | D:7      | Found an ornate altar of the Wu Jian Council.
  5770 | D:7      | Reached skill level 13 in Axes
  6048 | D:8      | Reached XP level 9. HP: 43/70 MP: 8/8
  6263 | D:8      | Noticed Joseph
  6266 | D:8      | Reached skill level 14 in Axes
  6270 | D:8      | Killed Joseph
  6365 | D:8      | Reached skill level 15 in Axes
  6560 | D:8      | Noticed Pikel
  6572 | D:8      | Killed Pikel
  6581 | D:8      | Reached skill level 16 in Axes
  6843 | D:8      | Reached **** piety under Trog
  7140 | D:8      | Reached XP level 10. HP: 60/77 MP: 9/9
  7879 | D:9      | Found a stormy altar of Qazlal.
  7894 | D:9      | Noticed a two-headed ogre
  7900 | D:9      | Killed a two-headed ogre
  7901 | D:9      | Reached skill level 17 in Axes
  8058 | D:9      | Found a sacrificial altar of Ru.
  8151 | D:9      | Reached skill level 18 in Axes
  8487 | D:10     | Entered Level 10 of the Dungeon
  9001 | D:10     | Noticed a cyclops
  9012 | D:10     | Killed a cyclops
  9013 | D:10     | Reached skill level 19 in Axes
  9013 | D:10     | Noticed a yaktaur captain
  9028 | D:10     | Killed a yaktaur captain
  9029 | D:10     | Reached XP level 11. HP: 21/82 MP: 10/10
  9368 | D:10     | Noticed a boulder beetle
  9397 | D:10     | Killed a boulder beetle
  9398 | D:10     | Reached skill level 1 in Evocations
  9679 | D:10     | Noticed a two-headed ogre
  9684 | D:10     | Noticed a white ugly thing
  9685 | D:10     | Killed a two-headed ogre
  9686 | D:10     | Reached skill level 20 in Axes
  9692 | D:10     | Killed a white ugly thing
 10268 | D:10     | Reached skill level 1 in Stealth
 10945 | D:11     | Reached skill level 21 in Axes
 11403 | D:11     | Found a staircase to the Orcish Mines.
 11854 | D:11     | Found a staircase to the Lair.
 11990 | D:12     | Noticed a centaur warrior
 12122 | D:12     | Found Miucan's Armour Shoppe.
 12132 | D:12     | Noticed a two-headed ogre
 12147 | D:12     | Reached XP level 12. HP: 70/90 MP: 11/11
 12157 | D:12     | Killed a two-headed ogre
 12167 | D:12     | Reached skill level 22 in Axes
 12602 | D:12     | Killed a centaur warrior
 12716 | D:12     | Noticed a two-headed ogre
 12720 | D:12     | Noticed a boulder beetle
 12724 | D:12     | Killed a two-headed ogre
 12734 | D:12     | Killed a boulder beetle
 12737 | D:12     | Noticed a boulder beetle
 12770 | D:12     | Slain by a boulder beetle

Illustrated notes

Levels and vault maps discovered:
D:1:      dpeg_arrival_orchard, layout_basic,
          shapermc_ecumenical_altar_mp_ritualfount
D:2:      layout_basic, basic_altar, uniq_robin
D:3:      layout_loops_ring, lightli_temple_of_fire, kennysheep_flooded_box,
          lightli_corner_chamber
D:4:      layout_basic, uniq_blork_the_orc
D:5:      layout_rooms, jmf_multi_god_temple2
D:6:      layout_basic, fedhas_altar_3, minmay_temple_entry_junction,
          nicolae_shop_fire_sale [nicolae_sub_dead_trees], chequers_garden,
          corexii_leaking_fountain, uniq_crazy_yiuf_cottage, uniq_prince_ribbit1
D:7:      layout_basic, mainiacjoe_overflow_alcove_3
D:8:      layout_rooms, enter_bailey_2, uniq_pikel, uniq_joseph
D:9:      layout_irregular_city, grunt_qazlal_clouds, amcnicky_altar_gilded,
          roderic_roman_lattice, hangedman_decor_opposing
D:10:     wad_statue_garden, layout_basic, billiards_dpeg
D:11:     layout_gridville, lair_entry_dummy
D:12:     minmay_imperfect_grid, layout_rooms, serial_shops, shop

Skill      XL: |  1  2  3  4  5  6  7  8  9 10 11 12 |
---------------+-------------------------------------+-----
Axes           | 4 5 6 7 8 9 11 13 16 19 21 22 | 22.8
Throwing       | 1 2 3 4 |  4.4
Evocations     | 2 |  2.6
Stealth        | 1 |  1.8
Fighting       | |  3.6
Armour         | |  2.4
Dodging        | |  2.1

Action                   |  1- 3 |  4- 6 |  7- 9 | 10-12 || total
-------------------------+-------+-------+-------+-------++-------
Melee: Hand axe          |    39 |       |       |       ||    39
       Headbutt          |    12 |    15 |    30 |    72 ||   129
       War axe           |    24 |    93 |   186 |   278 ||   581
       Punch             |     1 |       |       |     3 ||     4
Throw: Dart              |       |    10 |       |     5 ||    15
Invok: Berserk           |     1 |     3 |     5 |     9 ||    18
       Brothers in Arms  |       |       |       |     3 ||     3
Evoke: Wand              |       |       |       |     7 ||     7
  Use: Scroll            |       |       |    16 |    10 ||    26
       Potion            |       |       |       |     5 ||     5
Armor: Ring mail         |    38 |       |       |       ||    38
       Plate armour      |     1 |    48 |    92 |   165 ||   306
Dodge: Dodged            |    38 |    43 |    83 |   129 ||   293
